SA
CHICAGO TULA @ CONNETQUOT CHIEFS
05/20/2023
 
TOP OF THE 1ST
Chicago Tula batting - Pitching for Connetquot Chiefs : LHP Alejandro Ramos
Pitching: LHP Alejandro Ramos
Batting: RHB Gil Nichols 0-0: Ball
1-0: Ground out 6-3 (Groundball, 6M)
Batting: RHB Lee Lockheart 0-0: Ball
1-0: SINGLE (Line Drive, 56D)
Batting: RHB Jorge Rodríguez 0-0: Foul Ball, location: 2F
0-1: Fly out, F6 (Popup, 5)
Batting: RHB Tony Cantú 0-0: Called Strike
0-1: Fly out, F9 (Flyball, 9M)
Top of the 1st over - 0 run(s), 1 hit(s), 0 error(s), 1 left on base; Chicago 0 - Connetquot 0
BOTTOM OF THE 1ST
Connetquot Chiefs batting - Pitching for Chicago Tula : RHP Martin Swanson
Pitching: RHP Martin Swanson
Batting: RHB John Burton 0-0: Called Strike
0-1: Swinging Strike
0-2: Ball
1-2: Ball
2-2: Strikes out swinging
Batting: RHB José Magana 0-0: Ball
1-0: Called Strike
1-1: Swinging Strike
1-2: Strikes out looking
Batting: RHB Arturo Morales 0-0: Foul Ball, location: 2F
0-1: Ball
1-1: Ball
2-1: Foul Ball, location: 2F
2-2: Ball
3-2: Foul Ball, location: 2F
3-2: Base on Balls
Batting: RHB Miguel Rodríguez 0-0: Ball
1-0: Foul Ball, location: 2F
1-1: SINGLE (Groundball, 34D)
Arturo Morales to second
Runner from 2nd tries for 3rd, SAFE, throw made to third
Batting: LHB Félix Fernández 0-0: Called Strike
0-1: Ball
1-1: Ball
2-1: Ground out 1-3 (Groundball, 15)
Bottom of the 1st over - 0 run(s), 1 hit(s), 0 error(s), 2 left on base; Chicago 0 - Connetquot 0
TOP OF THE 2ND
Chicago Tula batting - Pitching for Connetquot Chiefs : LHP Alejandro Ramos
Batting: LHB Gerald Kaufman 0-0: Ball
1-0: Ball
2-0: Called Strike
2-1: Ground out 6-3 (Groundball, 6)
Batting: SHB Alfredo González 0-0: Ball
1-0: Fly out, F3 (Popup, 3D)
Batting: LHB Colt Gridley 0-0: Ball
1-0: Swinging Strike
1-1: Swinging Strike
1-2: Ball
2-2: Strikes out swinging
Top of the 2nd over - 0 run(s), 0 hit(s), 0 error(s), 0 left on base; Chicago 0 - Connetquot 0
BOTTOM OF THE 2ND
Connetquot Chiefs batting - Pitching for Chicago Tula : RHP Martin Swanson
Batting: RHB Mario Rivera 0-0: Called Strike
0-1: Foul Ball, location: 2F
0-2: SINGLE (Line Drive, 8LS)
Batting: LHB SaQwan Hackett 0-0: Grounds out, U3 (Groundball, 3L)
Batting: RHB Emanuel Bree 0-0: Swinging Strike
0-1: Foul Ball, location: 2F
0-2: Ball
1-2: Foul Ball, location: 2F
1-2: Ball
2-2: Strikes out swinging
Batting: RHB David Pérez 0-0: Ground out 5-3 (Groundball, 56)
Bottom of the 2nd over - 0 run(s), 1 hit(s), 0 error(s), 1 left on base; Chicago 0 - Connetquot 0
TOP OF THE 3RD
Chicago Tula batting - Pitching for Connetquot Chiefs : LHP Alejandro Ramos
Batting: RHB Vincent Vega 0-0: Swinging Strike
0-1: Called Strike
0-2: Ball
1-2: Fly out, F7 (Flyball, 7M)
Batting: RHB Christian Hoover 0-0: Ball
1-0: Ball
2-0: Called Strike
2-1: Fly out, F6 (Line Drive, 6)
Batting: RHB Gil Nichols 0-0: Ball
1-0: Foul Ball, location: 2F
1-1: Ball
2-1: Ball
3-1: Called Strike
3-2: Base on Balls
Batting: RHB Lee Lockheart 0-0: Fielders Choice at 2nd, 6-4 (Groundball, 6)
Top of the 3rd over - 0 run(s), 0 hit(s), 0 error(s), 0 left on base; Chicago 0 - Connetquot 0
BOTTOM OF THE 3RD
Connetquot Chiefs batting - Pitching for Chicago Tula : RHP Martin Swanson
Batting: RHB John Burton 0-0: Ball
1-0: Fly out, F8 (Flyball, 8LM)
Batting: RHB José Magana 0-0: Called Strike
0-1: Ball
1-1: SOLO HOME RUN (Flyball, 8LXD), Distance : 453 ft
Batting: RHB Arturo Morales 0-0: Ball
1-0: Foul Ball, location: 2F
1-1: Foul Ball, location: 2F
1-2: Foul Ball, location: 2F
1-2: Ground out 5-3 (Groundball, 5S)
Batting: RHB Miguel Rodríguez 0-0: Ball
1-0: Ball
2-0: Called Strike
2-1: Swinging Strike
2-2: Strikes out swinging
Bottom of the 3rd over - 1 run(s), 1 hit(s), 0 error(s), 0 left on base; Chicago 0 - Connetquot 1
TOP OF THE 4TH
Chicago Tula batting - Pitching for Connetquot Chiefs : LHP Alejandro Ramos
Batting: RHB Jorge Rodríguez 0-0: Ball
1-0: Ball
2-0: Swinging Strike
2-1: Ground out 6-3 (Groundball, 6M)
Batting: RHB Tony Cantú 0-0: Foul Ball, location: 2F
0-1: Foul Ball, location: 2F
0-2: Foul Ball, location: 2F
0-2: Foul Ball, location: 2F
0-2: Ground out 1-3 (Groundball, 13S)
Batting: LHB Gerald Kaufman 0-0: Fly out, F7 (Flyball, 7M)
Top of the 4th over - 0 run(s), 0 hit(s), 0 error(s), 0 left on base; Chicago 0 - Connetquot 1
BOTTOM OF THE 4TH
Connetquot Chiefs batting - Pitching for Chicago Tula : RHP Martin Swanson
Batting: LHB Félix Fernández 0-0: SINGLE (Groundball, 5D)
Batting: RHB Mario Rivera 0-0: Fly out, F8 (Line Drive, 8RM)
Batting: LHB SaQwan Hackett 0-0: Called Strike
0-1: Foul Ball, location: 2F
0-2: Foul Ball, location: 2F
0-2: Foul Ball, location: 2F
0-2: Ball
1-2: SINGLE (Line Drive, 34D)
Félix Fernández to second
Batting: RHB Emanuel Bree 0-0: Ball
1-0: Foul Ball, location: 2F
1-1: Foul Ball, location: 2F
1-2: Strikes out swinging
Batting: RHB David Pérez 0-0: Ball
1-0: Ball
2-0: Foul Ball, location: 2F
2-1: Ball
3-1: Called Strike
3-2: Strikes out looking
Bottom of the 4th over - 0 run(s), 2 hit(s), 0 error(s), 2 left on base; Chicago 0 - Connetquot 1
TOP OF THE 5TH
Chicago Tula batting - Pitching for Connetquot Chiefs : LHP Alejandro Ramos
Batting: SHB Alfredo González 0-0: Foul Ball, location: 2F
0-1: Swinging Strike
0-2: Strikes out swinging
Batting: LHB Colt Gridley 0-0: Ball
1-0: Swinging Strike
1-1: Called Strike
1-2: Ball
2-2: Strikes out looking
Batting: RHB Vincent Vega 0-0: Called Strike
0-1: Foul Ball, location: 2F
0-2: Foul Ball, location: 2F
0-2: SINGLE (Line Drive, 3D)
Batting: RHB Christian Hoover 0-0: Ball
1-0: Called Strike
Throwing error on steal attempt, E2
Vincent Vega to third
1-1: Ball
2-1: Swinging Strike
2-2: Strikes out swinging
Top of the 5th over - 0 run(s), 1 hit(s), 1 error(s), 1 left on base; Chicago 0 - Connetquot 1
BOTTOM OF THE 5TH
Connetquot Chiefs batting - Pitching for Chicago Tula : RHP Martin Swanson
Batting: RHB John Burton 0-0: Called Strike
0-1: Ball
1-1: Fly out, F4 (Line Drive, 4)
Batting: RHB José Magana 0-0: SINGLE (Line Drive, 6D)
Batting: RHB Arturo Morales 0-0: Called Strike
0-1: Ball
1-1: Ball
2-1: Foul Ball, location: 2F
2-2: Strikes out swinging
Batting: RHB Miguel Rodríguez 0-0: Ball
1-0: Foul Ball, location: 2F
1-1: Foul Ball, location: 2F
1-2: Fly out, F9 (Flyball, 89S)
Bottom of the 5th over - 0 run(s), 1 hit(s), 0 error(s), 1 left on base; Chicago 0 - Connetquot 1
TOP OF THE 6TH
Chicago Tula batting - Pitching for Connetquot Chiefs : LHP Alejandro Ramos
Batting: RHB Gil Nichols 0-0: Called Strike
0-1: Foul Ball, location: 2F
0-2: Ground out 4-3 (Groundball, 4M)
Batting: RHB Lee Lockheart 0-0: Called Strike
0-1: Swinging Strike
0-2: Ball
1-2: Strikes out looking
Batting: RHB Jorge Rodríguez 0-0: Ball
1-0: Called Strike
1-1: Ball
2-1: Ball
3-1: Fly out, F3 (Line Drive, 3)
Top of the 6th over - 0 run(s), 0 hit(s), 0 error(s), 0 left on base; Chicago 0 - Connetquot 1
BOTTOM OF THE 6TH
Connetquot Chiefs batting - Pitching for Chicago Tula : RHP Martin Swanson
Batting: LHB Félix Fernández 0-0: Called Strike
0-1: Swinging Strike
0-2: Ball
1-2: Strikes out looking
Batting: RHB Mario Rivera 0-0: Ball
1-0: Ball
2-0: Ball
3-0: Base on Balls
Batting: LHB SaQwan Hackett 0-0: Called Strike
0-1: Ball
1-1: Foul Ball, location: 2F
1-2: Ball
2-2: Ball
3-2: Strikes out looking
Batting: RHB Emanuel Bree 0-0: Ball
1-0: Called Strike
1-1: Ground out 4-3 (Groundball, 34)
Bottom of the 6th over - 0 run(s), 0 hit(s), 0 error(s), 1 left on base; Chicago 0 - Connetquot 1
TOP OF THE 7TH
Chicago Tula batting - Pitching for Connetquot Chiefs : LHP Alejandro Ramos
Batting: RHB Tony Cantú 0-0: Called Strike
0-1: Foul Ball, location: 2F
0-2: Strikes out swinging
Batting: LHB Gerald Kaufman 0-0: Ground out 1-3 (Groundball, 15)
Batting: SHB Alfredo González 0-0: Called Strike
0-1: Ball
1-1: Ball
2-1: Swinging Strike
2-2: Strikes out swinging
Top of the 7th over - 0 run(s), 0 hit(s), 0 error(s), 0 left on base; Chicago 0 - Connetquot 1
BOTTOM OF THE 7TH
Connetquot Chiefs batting - Pitching for Chicago Tula : RHP Martin Swanson
Batting: RHB David Pérez 0-0: Called Strike
0-1: Fly out, F8 (Flyball, 8RS)
Batting: RHB John Burton 0-0: Ground out U3 (Groundball, 3S)
Batting: RHB José Magana 0-0: Swinging Strike
0-1: Called Strike
0-2: Ground out 6-3 (Groundball, 6)
Bottom of the 7th over - 0 run(s), 0 hit(s), 0 error(s), 0 left on base; Chicago 0 - Connetquot 1
TOP OF THE 8TH
Chicago Tula batting - Pitching for Connetquot Chiefs : LHP Alejandro Ramos
Now at C: Tim Taylor
Batting: LHB Colt Gridley 0-0: Ground out 4-3 (Groundball, 4M)
Batting: RHB Vincent Vega 0-0: Ground out 1-3 (Groundball, 3S)
Batting: RHB Christian Hoover 0-0: Foul Ball, location: 2F
0-1: Foul Ball, location: 2F
0-2: Strikes out looking
Top of the 8th over - 0 run(s), 0 hit(s), 0 error(s), 0 left on base; Chicago 0 - Connetquot 1
BOTTOM OF THE 8TH
Connetquot Chiefs batting - Pitching for Chicago Tula : RHP Martin Swanson
Pitching: LHP Jim Unknown
Batting: RHB Arturo Morales 0-0: Ball
1-0: Ball
2-0: Ball
3-0: Called Strike
3-1: Base on Balls
Batting: RHB Miguel Rodríguez 0-0: Ball
1-0: Foul Ball, location: 2F
1-1: Foul Ball, location: 2F
1-2: Strikes out looking
Pinch Hitting: SHB Britt Ducker 0-0: Ball
1-0: Foul Ball, location: 2F
1-1: Foul Ball, location: 2F
1-2: Grounds into double play, U6-3 (Groundball, 6M)
Bottom of the 8th over - 0 run(s), 0 hit(s), 0 error(s), 0 left on base; Chicago 0 - Connetquot 1
TOP OF THE 9TH
Chicago Tula batting - Pitching for Connetquot Chiefs : LHP Alejandro Ramos
Now at SS: Fernando Mendoza
Now in LF: Fred Burt
Batting: RHB Gil Nichols 0-0: Called Strike
0-1: Ball
1-1: Called Strike
1-2: Ground out 5-3 (Groundball, 56)
Pinch Hitting: RHB Bryan Sanders 0-0: Called Strike
0-1: Ball
1-1: Called Strike
1-2: Ball
2-2: Strikes out swinging
Batting: RHB Jorge Rodríguez 0-0: Swinging Strike
0-1: Called Strike
0-2: Ball
1-2: Strikes out swinging
Top of the 9th over - 0 run(s), 0 hit(s), 0 error(s), 0 left on base; Chicago 0 - Connetquot 1
This league is powered by Out of the Park Baseball, the baseball management simulation game for PC, Mac and Linux
Friday, July 8th, 2016 - OOTP Baseball 16.9 Build 39